 Dungeon Crawl Stone Soup version 0.29.1-14-g9c671dbff4 (webtiles) character file.

Game seed: 9122877228400597985

774 barney the Changer (level 7, -25/55 HPs)
             Began as a Pale Draconian Transmuter on Feb 19, 2023.
             Annihilated by an ogre
             ... wielding a +0 giant club
              (36 damage)
             ... on level 5 of the Dungeon.
             The game lasted 00:07:44 (6011 turns).

barney the Changer (Pale Draconian Transmuter)      Turns: 6011, Time: 00:07:45

Health: -25/55     AC:  2    Str: 12    XL:     7   Next: 53%
Magic:  7/10       EV: 19    Int: 21    God:
Gold:   257        SH:  0    Dex: 17    Spells: 2/10 levels left

rFire   . . .      SeeInvis .     - Unarmed
rCold   . . .      Faith    .   (shield currently unavailable)
rNeg    . . .      Spirit   .   (body armour unavailable)
rPois   x          Reflect  .   (helmet currently unavailable)
rElec   .          Harm     .   (cloak currently unavailable)
rCorr   .          Rampage  .   (gloves currently unavailable)
Will    .....                   (boots currently unavailable)
Stlth   +.........              (no amulet)
HPRegen 0.18/turn               q - +4 ring of slaying
MPRegen 0.12/turn               s - +6 ring of intelligence

@: spider-form, very slow
A: venomous fangs, (breathe steam), AC +6, tiny, unfitting armour,
(cold-blooded), (steam resistance)
a: End Transformation


You were on level 5 of the Dungeon.
You were a venomous arachnid creature.
You visited 1 branch of the dungeon, and saw 5 of its levels.

You collected 257 gold pieces.

Inventory:

Hand Weapons
 b - a +2 flail of draining
 d - a +4 dagger of protection (melded)
 g - a +0 whip of draining
Magical Staves
 r - a staff of fire
Jewellery
 e - a ring of flight
 h - a ring of ice
 q - a +4 ring of slaying (left front leg)
 s - a +6 ring of intelligence (right front leg)
Wands
 k - a wand of flame (18)
Scrolls
 c - 4 scrolls of identify
 f - 2 scrolls of poison
 i - a scroll of enchant armour
 j - a scroll of acquirement {unknown}
 l - a scroll of immolation {unknown}
 m - a scroll of torment {unknown}
Potions
 a - a potion of lignification
 n - a potion of haste {unknown}


   Skills:
 + Level 2.2 Fighting
 - Level 2.9 Short Blades
 - Level 1.7 Dodging
 - Level 3.0 Unarmed Combat
 - Level 2.0 Spellcasting
 * Level 7.5 Transmutations
 + Level 1.6 Ice Magic


You had 2 spell levels left.
You knew the following spells:

 Your Spells              Type           Power      Damage    Failure   Level
a - Beastly Appendage     Tmut           66%        N/A       4%          1
b - Spider Form           Tmut/Pois      18%        N/A       24%         3
c - Ice Form              Ice/Tmut       21%        N/A       43%         4

Your spell library contained the following spells:

 Spells                   Type           Power      Damage    Failure   Level
 Wereblood                Tmut           33%        N/A       5%          2
 Magic Dart               Conj           8%         1d3       32%         1
 Searing Ray              Conj           4%         2d4       43%         2
 Static Discharge         Conj/Air       2%         3-4/arc   43%         2
 Dispel Undead            Necr           2%         3d7       93%         4
 Fulminant Prism          Conj/Hex       1%         3d6       93%         4
 Sticky Flame             Conj/Fire      2%         2d3       93%         4


Dungeon Overview and Level Annotations

Branches:
Dungeon (5/15)
 Temple: D:4-7

Altars:
Hepliaklqana


Innate Abilities, Weirdness & Mutations

You are a venomous arachnid creature.
You have poisonous fangs.
You are tiny and dextrous.
Your spellcasting is less reliable in this form.
Your armour is entirely melded.
You are incapable of wielding weapons or throwing items.
((You can breathe blasts of scalding, opaque steam.))
((Your pale cyan-grey scales are hard. (AC +6)))
You cannot fit into any form of body armour.
((You are cold-blooded and may be slowed by cold attacks.))
((You are immune to the effects of steam.))


Message History

No target in view!
Done exploring.
No target in view!
Done exploring.
No target in view!
(D) Dungeon
Where to? (Enter - D:4, ? - help)
You open the door.
There is an open door here.
Things that are here:
a +0 whip; a +0 flail You see here a +0 chain mail.
There is a stone staircase leading down here.
You climb downwards.
Found a sling.
There is a stone staircase leading up here.
An ogre comes into view. It is wielding a +0 giant club.
You enter the shallow water.
Moving in this stuff is going to be slow.
The ogre shouts!
An ogre is nearby!
An ogre is nearby!
The ogre hits you with a +0 giant club!
Casting: Spider Form (dangerous; 10% risk of failure)
Confirm with . or Enter, or press ? or * to list all spells.
You turn into a venomous arachnid creature.
Your +4 dagger of protection melds into your body.
Your +4 dagger of protection goes still.
Unknown command.
The ogre hits you with a +0 giant club!!
Ouch! That really hurt!
* * * LOW HITPOINT WARNING * * *
Your unstable footing causes you to fumble your attack.
Okay, then.
Okay, then.
You hit the ogre.
The ogre is poisoned.
The ogre is lightly wounded.
The ogre hits you with a +0 giant club!!!
Ouch! That really hurt!
You die...

#..........#
#..........#
#....<.....#
#).........#
#..........#
#.###.###.## #
#.# #.##
#.###+###..#
#.....Os~~.#
.......~##~~#
~~~~...~~##~~~~
~##~~~~~~~
##### ##~######
##


You could see an ogre (very poisoned).

Vanquished Creatures
  Sigmund (D:2)
  Edmund (D:4)
  A phantom (D:4)
  A bullfrog (D:4)
  2 scorpions (D:4)
  2 orc priests
  An orc wizard (D:4)
  6 gnolls
  3 adders
  A worm (D:2)
  2 dart slugs (D:4)
  3 orcs
  5 ball pythons
  4 bats
  7 endoplasms
  A giant cockroach (D:1)
  5 goblins
  8 hobgoblins
  3 quokkas
  2 frilled lizards
  7 kobolds
  3 rats
69 creatures vanquished.

Notes
Turn   | Place    | Note
-------+----------+-------------------------------------------
     0 | D:1      | barney the Draconian Transmuter began the quest for the
                  | Orb.
     0 | D:1      | Reached XP level 1. HP: 16/16 MP: 3/3
   259 | D:1      | Found a faded altar of an unknown god.
   456 | D:1      | Reached XP level 2. HP: 23/23 MP: 3/5
   789 | D:1      | Reached skill level 3 in Transmutations
  1048 | D:2      | Found a hazy altar of Hepliaklqana.
  1074 | D:2      | Noticed Sigmund
  1086 | D:2      | Killed Sigmund
  1087 | D:2      | Reached skill level 5 in Transmutations
  1087 | D:2      | Reached XP level 3. HP: 17/28 MP: 6/6
  1087 | D:2      | Reached XP level 4. HP: 21/35 MP: 7/7
  1087 | D:2      | Reached XP level 5. HP: 24/40 MP: 8/8
  2787 | D:3      | Learned a level 3 spell: Spider Form
  2792 | D:3      | Learned a level 4 spell: Ice Form
  2970 | D:4      | Noticed a phantom
  3943 | D:4      | Reached XP level 6. HP: 44/47 MP: 9/9
  4028 | D:4      | Reached skill level 6 in Transmutations
  4498 | D:4      | Noticed Edmund
  4587 | D:3      | HP: 1/41 [gnoll/+0 spear (6)]
  4596 | D:3      | Reached skill level 7 in Transmutations
  4596 | D:3      | Your scales start taking on a pale cyan-grey colour.
  4596 | D:3      | Reached XP level 7. HP: 24/46 MP: 7/10
  4596 | D:3      | Gained mutation: You are immune to the effects of steam.
                  | [Pale Draconian growth]
  5108 | D:4      | Killed Edmund
  5109 | D:4      | Reached skill level 1 in Ice Magic
  5997 | D:5      | Entered Level 5 of the Dungeon
  6011 | D:5      | Annihilated by an ogre

Illustrated notes

Levels and vault maps discovered:
D:1:      dpeg_arrival_more_subterranean_lakeside_camping, layout_basic,
          basic_ecumenical_altar
D:2:      minmay_door_path, layout_basic, basic_altar,
          ebering_dispersal_statue_hall, uniq_sigmund
D:3:      layout_basic, minmay_misc_feat_cross
D:4:      layout_gridville, uniq_edmund
D:5:      minmay_clustersquares, layout_basic, serial_shops,
          nicolae_square_shop, shop, shop, kennysheep_doodads,
          minmay_manual_mullet

Skill      XL: |  1  2  3  4  5  6  7 |
---------------+----------------------+-----
Transmutations | 5 7 |  7.5
Short Blades   | 2 |  2.9
Ice Magic      | 1 |  1.6
Fighting       | 2 |  2.2
Dodging        | |  1.7
Unarmed Combat | |  3.0
Spellcasting   | |  2.0

Action                   |  1- 3 |  4- 6 |  7- 9 || total
-------------------------+-------+-------+-------++-------
Melee: Unarmed           |    18 |    27 |    26 ||    71
       Kick              |     7 |     4 |       ||    11
       Headbutt          |     3 |     3 |       ||     6
       Dagger            |    29 |    85 |    13 ||   127
       Tailslap          |     3 |    12 |     2 ||    17
       Punch             |       |     1 |       ||     1
 Cast: Beastly Appendage |     9 |     5 |       ||    14
       Spider Form       |       |     3 |     4 ||     7
       Ice Form          |       |     3 |       ||     3
  Use: Potion            |     2 |     9 |       ||    11
       Scroll            |       |     6 |       ||     6
 Stab: Sleeping          |     2 |     2 |       ||     4
       Distracted        |       |       |     1 ||     1
Armor: Skin              |    29 |    43 |     3 ||    75
Dodge: Dodged            |    32 |    73 |    27 ||   132
